 Dungeon Crawl Stone Soup version 0.20.1-1-g8b1a95d (webtiles) character file.

19066 Mesmaeker13 the Carver (level 13, -1/83 HPs)
             Began as a Human Skald on July 27, 2017.
             Was a High Priest of Kikubaaqudgha.
             Slain by a freezing wraith (12 damage)
             ... in an ice cave.
             The game lasted 00:54:23 (17844 turns).

Mesmaeker13 the Carver (Human Skald)               Turns: 17844, Time: 00:54:24

Health: -1/83      AC:  9    Str: 11    XL:     13   Next: 1%
Magic:  12/20      EV: 16    Int: 18    God:    Kikubaaqudgha [*****.]
Gold:   866        SH: 12    Dex: 15    Spells: 10/22 levels left

rFire    + . .     SeeInvis .   z - +1 scimitar (flame)
rCold    + . .     Gourm    .   x - +3 buckler "Racyurph" {rN+}
rNeg     + . .     Faith    .   a - +0 ring mail {rC+}
rPois    .         Spirit   .   (helmet restricted)
rElec    .         Reflect  .   (no cloak)
rCorr    +         Harm     .   r - +1 pair of gloves
MR       .....                  (no boots)
Stlth    ++........             (no amulet)
Regen    0.3/turn               g - ring "Widacwule" {rCorr rF+}
MPRegen  0.2/turn               y - ring of the Octopus King {AC+1 EV+1 Str+1 Int+1 Dex+1 Stlth+}

@: slowed, very slow
A: antennae 1, large bone plates 1, weak 1
a: Receive Corpses, Torment, Renounce Religion


You were in an ice cave.
You worshipped Kikubaaqudgha.
Kikubaaqudgha was extremely pleased with you.
You were hungry.

You visited 3 branches of the dungeon, and saw 15 of its levels.
You also visited: Ice Cave.

You collected 866 gold pieces.

Inventory:

Hand Weapons
 z - a +1 scimitar of flaming (weapon)
 H - the +6 dagger of Hipnulo {venom, Int+4}
   (You found it on level 6 of the Dungeon)

   It poisons the flesh of those it strikes.
   It affects your intelligence (+4).
Missiles
 b - 13 tomahawks (quivered)
 i - 4 silver tomahawks
Armour
 a - a +0 ring mail of cold resistance (worn)
 o - a +2 leather armour of poison resistance
 r - a +1 pair of gloves (worn)
 v - a +0 shield
 x - the +3 buckler "Racyurph" (worn) {rN+}
   (You found it on level 4 of the Dungeon)

   It protects you from negative energy.
Jewellery
 g - the ring "Widacwule" (left hand) {rCorr rF+}
   (You found it on level 7 of the Dungeon)

   [ring of resist corrosion]

   It protects you from fire.
 y - a ring of the Octopus King (right hand) {AC+1 EV+1 Str+1 Int+1 Dex+1 Stlth+}
   (You found it on level 2 of the Lair of Beasts)

   [ring of stealth]

   It affects your AC (+1).
   It affects your evasion (+1).
   It affects your strength (+1).
   It affects your intelligence (+1).
   It affects your dexterity (+1).
   It makes you more stealthy.
 F - the ring of Pich {rCorr -Tele MR- Slay+4 SInv}
   (You took it off an orc on level 7 of the Dungeon)

   [ring of resist corrosion]

   It affects your accuracy and damage with ranged weapons and melee attacks
   (+4).
   It affects your resistance to hostile enchantments.
   It lets you see invisible.
   It prevents most forms of teleportation.
 G - an uncursed ring of fire
Scrolls
 c - a scroll of amnesia
 m - 2 scrolls of fear
 n - 10 scrolls of remove curse
 p - 2 scrolls of blinking
 t - 3 scrolls of fog
 w - 3 scrolls of teleportation
 A - a scroll of enchant armour
 B - 5 scrolls of recharging
 L - 2 scrolls of summoning
 M - a scroll of magic mapping
Potions
 e - 4 potions of brilliance
 k - a potion of agility {unknown}
 l - a potion of ambrosia {unknown}
 C - 2 potions of flight
 D - 3 potions of invisibility
 E - 4 potions of mutation
 K - a potion of cancellation
 Q - a potion of berserk rage
Miscellaneous
 q - a box of beasts
 N - a lamp of fire (inert)
Comestibles
 d - 14 bread rations
 h - 2 royal jellies
 j - 7 meat rations
 s - 3 fruits


   Skills:
 + Level 2.0 Fighting
 + Level 9.8 Long Blades
 + Level 4.6 Armour
 - Level 8.5 Dodging
 - Level 4.3 Shields
 - Level 5.0 Spellcasting
 + Level 6.4 Hexes
 + Level 9.8 Charms
 + Level 5.6 Necromancy
 - Level 6.0 Translocations


You had 10 spell levels left.
You knew the following spells:

 Your Spells              Type           Power        Failure   Level  Hunger
a - Infusion              Chrm           ####         1%          1    None
b - Shroud of Golubria    Chrm/Tloc      ####......   1%          2    #......
c - Song of Slaying       Chrm           #####...     1%          2    #......
d - Spectral Weapon       Hex/Chrm       ####....     3%          3    ##.....
e - Animate Dead          Necr           N/A          28%         4    ####...


Dungeon Overview and Level Annotations

Branches:
Dungeon (11/15)            Temple (1/1) D:5            Lair (3/6) D:9
  Swamp (0/4) Lair:2       Spider (0/4) Lair:2          Orc (0/2) D:10

Altars:
Ashenzari
Cheibriados
Dithmenos
Elyvilon
Fedhas
Gozag
Hepliaklqana
Kikubaaqudgha
Makhleb
Nemelex Xobeh
Okawaru
Qazlal
Ru
Sif Muna
Trog
Uskayaw
Vehumet
Xom
Yredelemnul
Zin
The Shining One

Portals:
Trove: D:10 (give 5 potions of resistance)

Annotations:
D:8 Monsterracer's ghost, novice DsGl


Innate Abilities, Weirdness & Mutations

You have a pair of small antennae on your head.
You are partially covered in large bone plates. (SH +4)
You are weak. (Str -2)


Message History

The freezing wraith drains your vigour!
You feel yourself slow down.
Casting: Shroud of Golubria
Confirm with . or Enter, or press ? or * to list all spells.
You draw out your weapon's spirit!
You block the freezing wraith's attack. x2
The freezing wraith hits you!
* * * LOW HITPOINT WARNING * * *
The freezing wraith freezes you! You resist.
* * * LOW HITPOINT WARNING * * *
The freezing wraith closely misses you.
You feel much better. You block the freezing wraith's attack.
The freezing wraith completely misses you.
You block the freezing wraith's attack. x2; The freezing wraith hits you!
* * * LOW HITPOINT WARNING * * *
The freezing wraith freezes you! You resist.
* * * LOW HITPOINT WARNING * * *
The freezing wraith hits you.
* * * LOW HITPOINT WARNING * * *
The freezing wraith hits you!
You die...
Kikubaaqudgha rasps: "You have failed me!
Welcome... death!"

##...###.##
######..# #
##..## #.
##...# #.
##...## #.
##...## #..
#...##
#..#..##
#.(W@.#
##.W.##
#####


You could see 2 freezing wraiths and a friendly spectral scimitar of flaming.

Vanquished Creatures
  Erolcha (D:9)
  A hydra (Lair:1)
  Erica (Lair:2)
  2 two-headed ogres
  An unseen horror (D:10)
  A lindwurm (Lair:2)
  An orb spider (Lair:2)
  2 black mambas
  Psyche (D:10)
  5 spiny frogs
  A komodo dragon (Lair:2)
  2 freezing wraiths (IceCv)
  Grinder (D:4)
  A meliai zombie (D:10)
  The ghost of adept the Sneak, an amateur GrBe of Trog (D:4)
  A hippogriff (Lair:1)
  A spriggan (D:7)
  3 wyverns
  4 yaks
  Menkaure (D:7)
  3 swamp worms (D:9)
  7 water moccasins
  11 porcupines
  4 orc warriors
  4 sky beasts
  13 ice beasts
  An alligator simulacrum (IceCv)
  A phantom (D:5)
  3 necrophages (D:6)
  3 ogres
  4 wolves (Lair:2)
  4 centaurs
  9 bullfrogs
  A water moccasin zombie (D:6)
  4 scorpions
  A swamp dragon simulacrum (IceCv)
  An electric eel (D:8)
  2 howler monkeys (D:4)
  6 crimson imps
  2 centaur zombies (D:5)
  3 bullfrog zombies
  8 hounds
  4 jellies
  7 centaur skeletons
  10 orc priests
  7 orc wizards
  2 bullfrog skeletons (D:5)
  5 iguanas
  2 hell rats (D:9)
  9 worker ants
  A wolf simulacrum (IceCv)
  2 killer bee zombies
  4 hound zombies (D:5)
  A hound skeleton (D:5)
  3 worker ant zombies (D:5)
  6 adders
  A howler monkey skeleton (D:9)
  A river rat (D:9)
  5 white imps (IceCv)
  3 oozes
  3 adder zombies
  3 adder skeletons (D:5)
  6 dart slugs
  15 worms
  3 leopard geckos
  46 orcs
  7 bats
  4 giant cockroaches
  3 hobgoblins
  17 jackals
  4 quokkas
  2 ball pythons
  A ball python skeleton (D:5)
  2 frilled lizards
  A giant cockroach zombie (D:5)
  8 goblins
  A jackal skeleton (D:5)
  5 kobolds
  A leopard gecko zombie (D:7)
  A quokka skeleton (D:4)
  4 quokka zombies
  10 rats
  A bush (D:6)
348 creatures vanquished.

Vanquished Creatures (collateral kills)
  A death yak simulacrum (IceCv)
1 creature vanquished.

Vanquished Creatures (others)
  An ogre (D:10)
  A bullfrog (D:10)
  A hound (D:10)
  An orc wizard (D:7)
  A shadow imp (D:10)
  A fungus (Lair:2)
  10 plants
  8 spectral weapons
24 creatures vanquished.

Grand Total: 373 creatures vanquished

Notes
Turn   | Place    | Note
-------+----------+-------------------------------------------
     0 | D:1      | Mesmaeker13 the Human Skald began the quest for the Orb.
     0 | D:1      | Reached XP level 1. HP: 16/16 MP: 3/3
   228 | D:1      | Reached XP level 2. HP: 22/22 MP: 1/5
   738 | D:1      | Reached XP level 3. HP: 24/27 MP: 6/6
  1052 | D:2      | Learned a level 2 spell: Shroud of Golubria
  1221 | D:2      | Found a shimmering altar of Xom.
  1221 | D:2      | Found a shimmering altar of Xom.
  1221 | D:2      | Found a shimmering altar of Xom.
  1222 | D:2      | Found a shimmering altar of Xom.
  1267 | D:2      | Found an ancient bone altar of Kikubaaqudgha.
  1395 | D:2      | Reached XP level 4. HP: 30/33 MP: 2/7
  1413 | D:2      | Found a faded altar of an unknown god.
  1464 | D:2      | Found a shattered altar of Ashenzari.
  1510 | D:2      | Found a sacrificial altar of Ru.
  1777 | D:3      | Learned a level 2 spell: Song of Slaying
  1932 | D:3      | Reached XP level 5. HP: 37/38 MP: 1/8
  2122 | D:3      | Found a sparkling altar of Nemelex Xobeh.
  2122 | D:3      | Found a basalt altar of Yredelemnul.
  2163 | D:3      | Reached skill level 1 in Translocations
  2399 | D:2      | Became a worshipper of Kikubaaqudgha
  2744 | D:4      | Reached XP level 6. HP: 40/44 MP: 4/9
  2783 | D:4      | Noticed an ogre
  3068 | D:4      | Got a crude buckler
  3079 | D:4      | Identified the +3 buckler "Racyurph" {rN+} (You found it on level 4 of the Dungeon)
  3266 | D:4      | Reached skill level 1 in Shields
  3488 | D:4      | Noticed Grinder
  3511 | D:4      | Killed Grinder
  3511 | D:4      | Reached XP level 7. HP: 50/50 MP: 1/10
  3589 | D:4      | Found a burning altar of Makhleb.
  3596 | D:4      | Found a radiant altar of Vehumet.
  3799 | D:4      | Reached skill level 5 in Charms
  3854 | D:4      | Noticed adept's ghost (amateur GrBe)
  3977 | D:4      | Reached XP level 8. HP: 50/56 MP: 5/11
  4293 | D:4      | Reached * piety under Kikubaaqudgha
  4293 | D:4      | Identified Kikubaaqudgha's Reference Book on Stolen Souls (Kikubaaqudgha gifted it to you on level 4 of the Dungeon)
  4293 | D:4      | Received a gift from Kikubaaqudgha
  4392 | D:5      | Entered Level 5 of the Dungeon
  4676 | D:5      | Reached skill level 5 in Long Blades
  4697 | D:5      | Reached skill level 5 in Dodging
  4902 | D:5      | Reached ** piety under Kikubaaqudgha
  5080 | D:5      | Reached XP level 9. HP: 55/61 MP: 9/12
  5193 | D:5      | Found a staircase to the Ecumenical Temple.
  5199 | Temple   | Entered the Ecumenical Temple
  5714 | D:6      | Found a blossoming altar of Fedhas.
  6071 | D:6      | Found a glowing golden altar of the Shining One.
  6335 | D:5      | Reached *** piety under Kikubaaqudgha
  6335 | D:5      | Identified Kikubaaqudgha's Papyrus of Stolen Souls (Kikubaaqudgha gifted it to you on level 5 of the Dungeon)
  6335 | D:5      | Received a gift from Kikubaaqudgha
  6858 | D:6      | Reached skill level 5 in Translocations
  7169 | D:6      | Reached XP level 10. HP: 56/64 MP: 0/14
  7628 | D:7      | Noticed Menkaure
  7848 | D:7      | Killed Menkaure
  7866 | D:7      | Found a hazy altar of Hepliaklqana.
  8306 | D:4      | Killed adept's ghost
  8506 | D:6      | Got a pitted dagger
  8507 | D:6      | Identified the +6 dagger of Hipnulo {venom, Int+4} (You found it on level 6 of the Dungeon)
  8536 | D:7      | Found a shattered altar of Ashenzari.
  8584 | D:7      | Reached **** piety under Kikubaaqudgha
  8695 | D:7      | Got a scintillating pewter ring
  8700 | D:7      | Identified the ring of Pich {rCorr -Tele MR- Slay+4 SInv} (You took it off an orc on level 7 of the Dungeon)
  8720 | D:7      | Got a shimmering tin ring
  8723 | D:7      | Identified the ring "Widacwule" {rCorr rF+} (You found it on level 7 of the Dungeon)
  8919 | D:7      | Found a stormy altar of Qazlal.
  9332 | D:8      | Learned a level 3 spell: Spectral Weapon
  9361 | D:8      | Noticed Monsterracer's ghost (novice DsGl)
 10387 | D:8      | Noticed a two-headed ogre
 10413 | D:8      | Killed a two-headed ogre
 10413 | D:8      | Reached skill level 1 in Hexes
 11077 | D:9      | Noticed a death yak
 11077 | D:9      | Noticed a death yak
 11273 | D:8      | Reached XP level 11. HP: 13/72 MP: 6/17
 11574 | D:8      | Noticed a two-headed ogre
 11665 | D:9      | Gained mutation: You have sharp toenails. [potion of mutation]
 11665 | D:9      | Gained mutation: Armour fits poorly on your strangely shaped body. [potion of mutation]
 11665 | D:9      | Gained mutation: You have a pair of small antennae on your head. [potion of mutation]
 11666 | D:9      | Lost mutation: You have sharp toenails. [potion of mutation]
 11666 | D:9      | Lost mutation: Armour fits poorly on your strangely shaped body. [potion of mutation]
 11666 | D:9      | Gained mutation: You are weak. (Str -2) [potion of mutation]
 11666 | D:9      | Gained mutation: You are partially covered in large bone plates. (SH +4) [potion of mutation]
 11707 | D:9      | Found a glowing silver altar of Zin.
 11920 | D:9      | Noticed Erolcha
 11932 | D:9      | Paralysed by Erolcha for 7 turns
 11946 | D:9      | Killed Erolcha
 11946 | D:9      | Reached skill level 5 in Spellcasting
 11954 | D:9      | Learned a level 4 spell: Animate Dead
 12044 | D:10     | Entered Level 10 of the Dungeon
 12409 | D:9      | Reached skill level 1 in Necromancy
 12639 | D:10     | Found a portal to a secret trove of treasure.
 12715 | D:10     | Noticed an unseen horror
 12717 | D:10     | Noticed Psyche
 12721 | D:10     | Killed Psyche
 12739 | D:10     | Killed an unseen horror
 13100 | D:10     | Reached ***** piety under Kikubaaqudgha
 13103 | D:10     | Found a staircase to the Orcish Mines.
 13120 | D:10     | Noticed a two-headed ogre
 13130 | D:10     | Killed a two-headed ogre
 13949 | D:9      | Found a staircase to the Lair.
 13951 | Lair:1   | Entered Level 1 of the Lair of Beasts
 14157 | Lair:1   | Noticed a five-headed hydra
 14173 | Lair:1   | Killed a five-headed hydra
 14173 | Lair:1   | Reached XP level 12. HP: 24/78 MP: 3/19
 15312 | Lair:2   | Noticed Erica
 15371 | Lair:2   | Killed Erica
 15406 | Lair:2   | Reached skill level 5 in Hexes
 16269 | Lair:2   | Found a hole to the Spider Nest.
 16969 | Lair:2   | Found a staircase to the Swamp.
 16991 | Lair:2   | Reached skill level 5 in Necromancy
 17222 | Lair:2   | Got a ring of the Octopus King
 17223 | Lair:2   | Identified a ring of the Octopus King {AC+1 EV+1 Str+1 Int+1 Dex+1 Stlth+} (You found it on level 2 of the Lair of Beasts)
 17425 | Lair:3   | Found a frozen archway.
 17480 | IceCv    | Entered an ice cave
 17787 | IceCv    | Reached XP level 13. HP: 83/83 MP: 10/20
 17844 | IceCv    | Slain by a freezing wraith

Skill      XL: |  1  2  3  4  5  6  7  8  9 10 11 12 |
---------------+-------------------------------------+-----
Long Blades    | 3 4 5 6 7 8 9 |  9.8
Dodging        | 3 4 5 6 7 8 |  8.5
Charms         | 4 5 6 7 8 9 |  9.8
Translocations | 1 2 3 5 6 |  6.0
Shields        | 2 3 4 |  4.3
Spellcasting   | 3 4 5 |  5.0
Hexes          | 1 4 6 |  6.4
Necromancy     | 3 5 |  5.6
Armour         | 4 |  4.6
Fighting       | |  2.0

Action                   |  1- 3 |  4- 6 |  7- 9 | 10-12 | 13-15 || total
-------------------------+-------+-------+-------+-------+-------++-------
Melee: Falchion          |    90 |   152 |       |       |       ||   242
       Scimitar          |       |    11 |   462 |   664 |    10 ||  1147
       Dagger            |       |       |    56 |   104 |       ||   160
Throw: Throwing net      |       |     1 |     2 |     1 |       ||     4
       Tomahawk          |       |     1 |       |     4 |       ||     5
 Cast: Infusion          |     6 |    16 |    29 |    25 |       ||    76
       Song of Slaying   |       |     2 |     3 |    11 |       ||    16
       Shroud of Golubri |       |     1 |    20 |    52 |     1 ||    74
       Spectral Weapon   |       |       |       |    53 |     2 ||    55
Evoke: Wand              |       |       |       |     5 |       ||     5
       Lamp of fire      |       |       |       |     1 |       ||     1
       Box of beasts     |       |       |       |     1 |       ||     1
  Use: Scroll            |     4 |     3 |     5 |    15 |       ||    27
       Potion            |       |     2 |       |    11 |     1 ||    14
 Stab: Sleeping          |       |       |       |     2 |       ||     2
       Distracted        |       |       |       |     3 |       ||     3
  Eat: Chunk             |     2 |     7 |    15 |    27 |       ||    51
       Royal jelly       |       |       |       |     1 |       ||     1
       Fruit             |       |       |       |     1 |       ||     1
       Meat ration       |       |       |       |     2 |       ||     2
Armor: Leather armour    |    33 |    47 |    90 |   123 |       ||   293
       Ring mail         |       |       |       |    13 |     4 ||    17
Dodge: Dodged            |    56 |   101 |   273 |   419 |    14 ||   863
Block: Buckler           |       |    11 |   183 |   405 |    12 ||   611
       Shield            |       |     9 |       |       |       ||     9
       Rpst.: Falchion   |    22 |    25 |       |       |       ||    47
       Scimitar          |       |     1 |    91 |   111 |     4 ||   207
